 Dungeon Crawl Stone Soup version 0.24.0-125-gc4c63601f3 (webtiles) character file.

Game seed: 3796749623419576722, levelgen mode: deterministic

121 Lemonice the Insei (level 5, -2/35 HPs)
             Began as an Octopode Transmuter on Feb 25, 2020.
             Killed by divine providence
             ... invoked by an orc priest
              (16 damage)
             ... on level 3 of the Dungeon.
             The game lasted 00:06:51 (2746 turns).

Lemonice the Insei (Octopode Transmuter)            Turns: 2746, Time: 00:06:52

Health: -2/35      AC:  1    Str:  9    XL:     5   Next: 5%
Magic:  7/8        EV: 14    Int: 17    God:
Gold:   135        SH:  0    Dex: 12    Spells: 7/8 levels left

rFire    . . .     SeeInvis .     - Unarmed
rCold    . . .     Gourm    .   (no shield)
rNeg     . . .     Faith    .   (helmet restricted)
rPois    .         Spirit   .   (no amulet)
rElec    .         Reflect  .   (no ring)
rCorr    .         Harm     .   (no ring)
MR       .....                  (no ring)
Stlth    ++........             (no ring)
HPRegen  0.11/turn              (no ring)
MPRegen  0.11/turn              (no ring)
                                (no ring)
                                (no ring)

@: appendage (expiring)
A: almost no armour, stealthy swim, amphibious, 8 rings, constrict 8, tentacle
spike 3, camouflage 1, gelatinous body 1
a: End Transformation


You were on level 3 of the Dungeon.
You were hungry.
One of your tentacles had a temporary spike.
You visited 1 branch of the dungeon, and saw 3 of its levels.

You collected 135 gold pieces.

Inventory:

Missiles
 a - 50 arrows
 h - 4 javelins (quivered)
Jewellery
 b - an uncursed ring of protection from magic {unknown}
 d - a +3 ring of dexterity {unknown}
Wands
 s - a wand of flame (11)
Scrolls
 e - 2 scrolls of remove curse {unknown}
 i - 2 scrolls of teleportation {unknown}
 k - a scroll of amnesia {unknown}
 l - 2 scrolls of fog {unknown}
 m - 2 scrolls of identify {unknown}
 p - 2 scrolls of noise {unknown}
Potions
 f - a potion of experience {unknown}
 g - 3 potions of curing {unknown}
 j - a potion of agility {unknown}
 n - a potion of might {unknown}
 o - a potion of resistance {unknown}
 q - 2 potions of cancellation {unknown}
Comestibles
 c - 4 rations
 r - a chunk of flesh


   Skills:
 + Level 2.7 Fighting
 + Level 3.3 Dodging
 + Level 4.0 Unarmed Combat
 - Level 2.0 Spellcasting
 - Level 2.0 Transmutations


You had 7 spell levels left.
You knew the following spells:

 Your Spells              Type           Power        Failure   Level  Hunger
a - Beastly Appendage     Tmut           #.....       9%          1    #......

Your spell library contained the following spells:

 Spells                   Type           Power        Failure   Level  Hunger
 Sticks to Snakes         Tmut           #.......     13%         2    ###....
 Spider Form              Tmut/Pois      #.........   36%         3    ###....
 Ice Form                 Ice/Tmut       #.......     77%         4    #####..
 Blade Hands              Tmut           #.........   93%         5    ######.


Dungeon Overview and Level Annotations

Branches:
Dungeon (3/15)

Altars:
Qazlal


Innate Abilities, Weirdness & Mutations

You cannot wear most types of armour.
You are very stealthy in the water. (Stealth+)
You are amphibious.
You can wear up to eight rings at the same time.
You can use your tentacles to constrict eight enemies at once.
Your skin changes colour to match your surroundings (Stealth+).
Your rubbery body absorbs attacks. (AC +1, EV +1)
One of your tentacles bears a large vicious spike.


Message History

You tentacle-slap the orc.
You kill the orc!
Things that are here:
a +0 dagger; an orc corpse Your transformation is almost over.
Casting: Beastly Appendage (safe; 9% risk of failure)
Confirm with . or Enter, or press ? or * to list all spells.
You extend your transformation's duration.
Your transformation is almost over. 2 orcs come into view.
You are feeling hungry.
The orc priest shouts!
The orc priest calls down the wrath of Beogh upon you.
Beogh smites you!
The orc shouts!
A worm comes into view.
The orc hits you with a +0 mace!
The orc priest calls down the wrath of Beogh upon you.
Beogh smites you!
You die...

### ######### #..
...o....# #.# ......o.#
#.#
w......o##############.#
.......@..........).....
........##.......#####.#
#.########.......# #.#
#######....########.#
.....................
#######....########.#
...........# #..
..####.....# ### #.....#


You could see a worm, an orc priest and 2 orcs.

Vanquished Creatures
  3 adders
  3 oozes
  A dart slug (D:2)
  3 worms (D:3)
  2 leopard geckos
  2 orcs (D:3)
  2 giant cockroaches
  4 hobgoblins
  4 jackals (D:3)
  8 kobolds
  2 quokkas
  2 ball pythons (D:1)
  7 bats
  6 frilled lizards
  9 goblins
  12 rats
70 creatures vanquished.

Notes
Turn   | Place    | Note
-------+----------+-------------------------------------------
     0 | D:1      | Lemonice the Octopode Transmuter began the quest for the
                  | Orb.
     0 | D:1      | Reached XP level 1. HP: 13/13 MP: 3/3
   130 | D:1      | Reached XP level 2. HP: 14/18 MP: 3/5
   432 | D:1      | Reached XP level 3. HP: 21/24 MP: 4/6
   831 | D:2      | Found a stormy altar of Qazlal.
  1383 | D:2      | Reached XP level 4. HP: 26/29 MP: 5/7
  2516 | D:3      | Reached skill level 4 in Unarmed Combat
  2525 | D:3      | Reached XP level 5. HP: 25/35 MP: 6/8
  2746 | D:3      | Killed from afar by an orc priest

Levels and vault maps discovered:
D:1:      saegor_arrival_simple_b, layout_loops_cross
D:2:      layout_rooms, grunt_qazlal_sundering, serial_co_window_serial,
          co_window_paths_a, co_window_paths_a, co_window_corner_a,
          co_window_of_opportunity_a, co_window_of_opportunity_a,
          co_window_unsneaky_path_c, co_window_unsneaky_path_d,
          co_window_of_opportunity_b, co_window_sun
D:3:      layout_basic, first_ration

Skill      XL: |  1  2  3  4 |
---------------+-------------+-----
Fighting       | 2 |  2.7
Dodging        | 3 |  3.3
Unarmed Combat | 4 |  4.0
Spellcasting   | |  2.0
Transmutations | |  2.0

Action                   |  1- 3 |  4- 6 || total
-------------------------+-------+-------++-------
Melee: Unarmed           |    79 |    76 ||   155
       Tentacles         |     9 |    11 ||    20
       Constrict         |    12 |    16 ||    28
       Kick              |    12 |    16 ||    28
       Punch             |       |     2 ||     2
 Cast: Beastly Appendage |    18 |    18 ||    36
 Stab: Sleeping          |     2 |     8 ||    10
  Eat: Chunk             |     2 |     4 ||     6
Armor: Skin              |     2 |     9 ||    11
Dodge: Dodged            |    44 |    49 ||    93
